[ AOE2 MATCH · #506761274 ]
UnrankedSpanish vs Wu
Player's team · LOSS
Rival team · WIN
[ REPLAY ANALYSIS · EXTRACTED FROM THE RECORDED GAME ]
Feudal
16:05
Castle
21:40
Imperial
37:26
| APM avg | 66.8 |
| APM peak | 113 |
| eAPM avg | 37.3 |
| Villagers / military | 238 / 276 |
Focus
⚔️ 49.8% · 🌾 50.2%
Skirmisher ×149 · Hand Cannoneer ×78 · Missionary ×19 · Militia ×9 · Archer ×7 · Bombard Cannon ×6
Feudal
13:26
Castle
22:34
Imperial
33:29
| APM avg | 73.6 |
| APM peak | 138 |
| eAPM avg | 39.2 |
| Villagers / military | 142 / 303 |
Focus
⚔️ 70.2% · 🌾 29.8%
Scout Cavalry ×281 · Unknown (1968) ×140 · Militia ×17 · Battering Ram ×4 · Mangonel ×1
Match map
Initial resources + every placement click. Lines = walls · curves = elevation contours. ◆ gold · ⬟ stone · ● berries · ✦ relic · ◌ wall gap
Your base· ✓ Closed at 21:40 · 57t walls · 1 gate(s)
RedPhosphoru's base· Open — 3t gap
Smoothed initial terrain · ◌ = detected wall gap · hover for details
Inputs per minute
— Survivalist - - RedPhosphoru
Build order — Survivalist
First 150 of 744 actions detected
| 0:01 | Create | Villager (Male) |
| 0:02 | Build | House |
| 0:03 | Build | House |
| 0:05 | Create | Villager (Male) |
| 0:06 | Create | Villager (Male) |
| 0:06 | Create | Villager (Male) |
| 1:24 | Create | Villager (Male) |
| 1:24 | Create | Villager (Male) |
| 1:55 | Create | Villager (Male) |
| 2:25 | Create | Villager (Male) |
| 2:43 | Build | Barracks |
| 2:50 | Create | Villager (Male) |
| 3:15 | Create | Villager (Male) |
| 3:23 | Create | Villager (Male) |
| 3:25 | Build | House |
| 3:28 | Create | Militia |
| 3:51 | Create | Militia |
| 4:10 | Create | Villager (Male) |
| 4:28 | Create | Villager (Male) |
| 4:33 | Build | House |
| 4:58 | Create | Villager (Male) |
| 5:03 | Create | Militia |
| 5:23 | Create | Villager (Male) |
| 5:24 | Create | Militia |
| 5:53 | Create | Villager (Male) |
| 6:13 | Create | Villager (Male) |
| 6:27 | Build | Mill |
| 6:33 | Create | Militia |
| 6:42 | Create | Villager (Male) |
| 6:49 | Research | Loom |
| 7:06 | Create | Villager (Male) |
| 7:07 | Build | House |
| 7:34 | Create | Villager (Male) |
| 7:58 | Create | Militia |
| 8:00 | Create | Villager (Male) |
| 8:13 | Create | Villager (Male) |
| 8:13 | Create | Villager (Male) |
| 8:16 | Create | Militia |
| 8:23 | Build | House |
| 8:41 | Create | Villager (Male) |
| 8:51 | Build | Lumber Camp |
| 9:11 | Create | Villager (Male) |
| 9:19 | Build | Farm |
| 9:28 | Create | Militia |
| 9:28 | Create | Militia |
| 9:35 | Build | House |
| 9:40 | Create | Villager (Male) |
| 9:44 | Create | Villager (Male) |
| 9:48 | Build | Palisade Wall |
| 9:51 | Build | Palisade Wall |
| 9:53 | Build | Palisade Wall |
| 10:15 | Build | Palisade Wall |
| 10:30 | Build | Farm |
| 10:45 | Create | Villager (Male) |
| 10:52 | Build | Farm |
| 11:04 | Build | Farm |
| 11:05 | Create | Villager (Male) |
| 11:21 | Build | Farm |
| 11:50 | Build | House |
| 11:54 | Build | Palisade Wall |
| 12:01 | Build | Mining Camp |
| 12:02 | Create | Villager (Male) |
| 12:02 | Create | Villager (Male) |
| 12:35 | Build | Farm |
| 12:46 | Build | Farm |
| 12:46 | Build | Farm |
| 12:51 | Build | Farm |
| 13:00 | Create | Villager (Male) |
| 13:05 | Build | House |
| 13:22 | Create | Villager (Male) |
| 13:26 | Build | Farm |
| 13:55 | Research | Feudal Age |
| 13:58 | Build | Palisade Wall |
| 14:00 | Build | House |
| 14:04 | Build | Palisade Gate |
| 14:33 | Build | Palisade Wall |
| 14:34 | Build | Palisade Wall |
| 14:41 | Create | Villager (Male) |
| 14:52 | Build | Farm |
| 14:55 | Build | Farm |
| 15:45 | Build | Palisade Wall |
| 15:48 | Build | Palisade Wall |
| 15:51 | Build | Palisade Wall |
| 16:05 | Age | Feudal Age |
| 16:07 | Build | Archery Range |
| 16:07 | Create | Villager (Male) |
| 16:09 | Build | Stone Wall |
| 16:10 | Build | Stone Wall |
| 16:10 | Build | Stone Wall |
| 16:11 | Research | Double-Bit Axe |
| 16:11 | Research | Double-Bit Axe |
| 16:14 | Research | Horse Collar |
| 16:14 | Research | Horse Collar |
| 16:27 | Build | Stone Wall |
| 16:28 | Build | Stone Wall |
| 16:29 | Build | Stone Wall |
| 16:36 | Research | Wheelbarrow |
| 16:47 | Build | Blacksmith |
| 16:49 | Create | Archer |
| 16:50 | Create | Villager (Male) |
| 17:02 | Build | Watch Tower |
| 17:03 | Create | Archer |
| 17:10 | Create | Archer |
| 17:12 | Create | Villager (Male) |
| 17:18 | Build | House |
| 17:19 | Build | House |
| 17:22 | Build | Stone Wall |
| 17:45 | Research | Fletching |
| 17:57 | Build | Market |
| 18:20 | Create | Archer |
| 18:40 | Research | Castle Age |
| 18:43 | Create | Archer |
| 19:09 | Research | Man-at-Arms (upgrade) |
| 19:09 | Research | Man-at-Arms (upgrade) |
| 19:42 | Build | Stone Wall |
| 19:50 | Create | Archer |
| 19:54 | Build | Stone Wall |
| 19:57 | Create | Villager (Male) |
| 20:07 | Build | Farm |
| 20:10 | Build | Farm |
| 20:13 | Build | Palisade Wall |
| 20:27 | Create | Villager (Male) |
| 20:32 | Create | Archer |
| 20:53 | Create | Villager (Male) |
| 21:19 | Build | Farm |
| 21:27 | Create | Villager (Male) |
| 21:40 | Age | Castle Age |
| 21:41 | Build | Monastery |
| 21:43 | Build | Monastery |
| 21:44 | Build | Siege Workshop |
| 21:45 | Research | Bow Saw |
| 21:45 | Research | Bow Saw |
| 21:47 | Research | Bodkin Arrow |
| 21:57 | Build | Farm |
| 22:14 | Build | Monastery |
| 22:16 | Build | Mining Camp |
| 22:17 | Create | Missionary |
| 22:18 | Create | Missionary |
| 22:21 | Build | House |
| 22:28 | Create | Mangonel |
| 22:37 | Create | Missionary |
| 22:37 | Create | Missionary |
| 22:39 | Build | House |
| 22:40 | Build | House |
| 22:47 | Create | Villager (Male) |
| 22:50 | Build | Palisade Wall |
| 22:52 | Create | Villager (Male) |
| 22:54 | Build | House |
| 22:56 | Build | Palisade Wall |
| 23:00 | Create | Villager (Male) |
Build order — RedPhosphoru
First 150 of 689 actions detected
| 0:00 | Create | Villager (Male) |
| 0:00 | Create | Villager (Male) |
| 0:02 | Build | House |
| 0:03 | Build | House |
| 0:08 | Create | Villager (Male) |
| 0:09 | Create | Villager (Male) |
| 1:09 | Create | Villager (Male) |
| 1:20 | Build | Lumber Camp |
| 1:54 | Create | Villager (Male) |
| 2:14 | Build | House |
| 2:19 | Build | House |
| 2:21 | Create | Villager (Male) |
| 2:39 | Build | Palisade Wall |
| 2:40 | Build | Palisade Wall |
| 2:41 | Build | Palisade Wall |
| 2:46 | Create | Villager (Male) |
| 3:02 | Build | Palisade Wall |
| 3:02 | Build | Palisade Wall |
| 3:03 | Build | Palisade Wall |
| 3:03 | Build | Palisade Wall |
| 3:03 | Build | Palisade Wall |
| 3:10 | Create | Villager (Male) |
| 3:25 | Create | Villager (Male) |
| 3:57 | Create | Villager (Male) |
| 4:17 | Create | Villager (Male) |
| 4:37 | Create | Villager (Male) |
| 4:45 | Build | Barracks |
| 4:51 | Create | Villager (Male) |
| 5:13 | Build | House |
| 5:20 | Create | Villager (Male) |
| 5:37 | Create | Militia ×3 |
| 5:54 | Create | Villager (Male) |
| 6:06 | Build | Mill |
| 6:08 | Build | Palisade Wall |
| 6:19 | Create | Villager (Male) |
| 6:23 | Build | House |
| 6:29 | Create | Villager (Male) |
| 6:34 | Create | Militia |
| 6:45 | Build | House |
| 6:47 | Build | Palisade Wall |
| 6:48 | Create | Villager (Male) |
| 7:08 | Create | Militia |
| 7:24 | Create | Villager (Male) |
| 7:36 | Build | Farm |
| 7:38 | Build | Farm |
| 7:44 | Create | Villager (Male) |
| 7:56 | Build | House |
| 8:13 | Create | Villager (Male) |
| 8:21 | Build | Palisade Wall |
| 8:24 | Create | Villager (Male) |
| 8:26 | Build | Farm |
| 8:32 | Create | Villager (Male) |
| 8:39 | Build | House |
| 8:41 | Build | Palisade Wall |
| 8:45 | Create | Villager (Male) |
| 9:04 | Create | Villager (Male) |
| 9:27 | Create | Villager (Male) |
| 9:31 | Build | Farm |
| 9:33 | Build | Farm |
| 9:36 | Build | Palisade Wall |
| 9:40 | Build | Palisade Wall |
| 9:43 | Create | Villager (Male) |
| 9:52 | Create | Villager (Male) |
| 10:02 | Create | Villager (Male) |
| 10:15 | Build | Palisade Wall |
| 10:16 | Create | Villager (Male) |
| 10:38 | Build | Palisade Wall |
| 10:47 | Build | Mining Camp |
| 10:52 | Build | Palisade Wall |
| 10:53 | Build | Palisade Wall |
| 11:00 | Build | Farm |
| 11:16 | Research | Feudal Age |
| 11:16 | Research | Feudal Age |
| 11:25 | Create | Militia |
| 11:27 | Create | Villager (Male) |
| 11:34 | Create | Villager (Male) |
| 11:37 | Build | House |
| 11:58 | Create | Villager (Male) |
| 12:06 | Build | Farm |
| 12:09 | Build | Farm |
| 12:14 | Create | Militia ×2 |
| 12:24 | Create | Villager (Male) |
| 12:38 | Create | Villager (Male) |
| 12:41 | Build | House |
| 12:41 | Build | House |
| 12:54 | Create | Militia |
| 13:08 | Create | Villager (Male) |
| 13:11 | Build | Mill |
| 13:12 | Build | Farm |
| 13:12 | Build | Farm |
| 13:12 | Build | Farm |
| 13:13 | Build | Farm |
| 13:13 | Build | Farm |
| 13:13 | Build | Farm |
| 13:18 | Create | Militia ×3 |
| 13:26 | Age | Feudal Age |
| 13:27 | Research | Man-at-Arms (upgrade) |
| 13:29 | Create | Villager (Male) |
| 13:47 | Create | Villager (Male) |
| 14:15 | Create | Villager (Male) |
| 14:19 | Create | Militia ×5 |
| 14:29 | Create | Villager (Male) |
| 14:41 | Research | Double-Bit Axe |
| 14:57 | Create | Villager (Male) |
| 15:04 | Build | Lumber Camp |
| 15:21 | Create | Villager (Male) |
| 15:23 | Create | Villager (Male) |
| 15:34 | Build | Farm |
| 15:42 | Research | Arson |
| 16:00 | Build | Mining Camp |
| 16:01 | Create | Villager (Male) |
| 16:05 | Research | Loom |
| 16:28 | Build | Farm |
| 16:28 | Build | Farm |
| 16:28 | Build | Farm |
| 16:29 | Build | Farm |
| 16:29 | Build | Farm |
| 16:56 | Create | Villager (Male) |
| 16:57 | Build | Farm |
| 17:20 | Create | Villager (Male) |
| 17:42 | Create | Villager (Male) |
| 17:47 | Research | Town Watch |
| 17:50 | Research | Wheelbarrow |
| 18:15 | Create | Villager (Male) |
| 18:43 | Build | Market |
| 18:54 | Build | House |
| 19:16 | Build | Blacksmith |
| 19:24 | Create | Villager (Male) |
| 19:36 | Research | Castle Age |
| 19:55 | Create | Villager (Male) |
| 20:28 | Create | Villager (Male) |
| 20:31 | Build | House |
| 20:34 | Build | Stone Wall |
| 20:37 | Create | Villager (Male) |
| 21:13 | Build | Farm |
| 21:20 | Build | Farm |
| 21:20 | Build | Farm |
| 21:20 | Build | Farm |
| 21:21 | Build | Farm |
| 21:24 | Build | Farm |
| 21:25 | Build | Farm |
| 21:30 | Build | Market |
| 21:32 | Build | Stone Wall |
| 21:35 | Create | Villager (Male) |
| 22:18 | Build | Farm |
| 22:19 | Build | Farm |
| 22:19 | Build | Farm |
| 22:19 | Build | Farm |
| 22:19 | Build | Farm |
| 22:34 | Age | Castle Age |
Match timeline
| 2:39 | RedPhosphoru · wall_segment Palisade Wall x1 |
| 2:40 | RedPhosphoru · wall_segment Palisade Wall x1 |
| 2:41 | RedPhosphoru · wall_segment Palisade Wall x1 |
| 2:43 | Survivalist · first_building Barracks |
| 3:02 | RedPhosphoru · wall_segment Palisade Wall x1 |
| 3:02 | RedPhosphoru · wall_segment Palisade Wall x1 |
| 3:03 | RedPhosphoru · wall_segment Palisade Wall x1 |
| 3:03 | RedPhosphoru · wall_segment Palisade Wall x1 |
| 3:03 | RedPhosphoru · wall_segment Palisade Wall x1 |
| 4:45 | RedPhosphoru · first_building Barracks |
| 6:08 | RedPhosphoru · wall_segment Palisade Wall x1 |
| 6:47 | RedPhosphoru · wall_segment Palisade Wall x5 |
| 8:21 | RedPhosphoru · wall_segment Palisade Wall x1 |
| 8:41 | RedPhosphoru · wall_segment Palisade Wall x11 |
| 9:36 | RedPhosphoru · wall_segment Palisade Wall x1 |
| 9:40 | RedPhosphoru · wall_segment Palisade Wall x1 |
| 9:48 | Survivalist · wall_segment Palisade Wall x6 |
| 9:51 | Survivalist · wall_segment Palisade Wall x8 |
| 9:53 | Survivalist · wall_segment Palisade Wall x4 |
| 10:15 | Survivalist · wall_segment Palisade Wall x5 |
| 10:15 | RedPhosphoru · wall_segment Palisade Wall x4 |
| 10:38 | RedPhosphoru · wall_segment Palisade Wall x2 |
| 10:52 | RedPhosphoru · wall_segment Palisade Wall x1 |
| 10:53 | RedPhosphoru · wall_segment Palisade Wall x1 |
| 11:54 | Survivalist · wall_segment Palisade Wall x11 |
| 13:26 | RedPhosphoru · age_up feudal |
| 13:58 | Survivalist · wall_segment Palisade Wall x5 |
| 14:33 | Survivalist · wall_segment Palisade Wall x1 |
| 14:34 | Survivalist · wall_segment Palisade Wall x1 |
| 15:45 | Survivalist · wall_segment Palisade Wall x1 |
| 15:48 | Survivalist · wall_segment Palisade Wall x1 |
| 15:51 | Survivalist · wall_segment Palisade Wall x1 |
| 16:05 | Survivalist · age_up feudal |
| 16:07 | Survivalist · first_building Archery Range |
| 16:09 | Survivalist · wall_segment Stone Wall x1 |
| 16:10 | Survivalist · wall_segment Stone Wall x1 |
| 16:10 | Survivalist · wall_segment Stone Wall x1 |
| 16:27 | Survivalist · wall_segment Stone Wall x1 |
| 16:28 | Survivalist · wall_segment Stone Wall x1 |
| 16:29 | Survivalist · wall_segment Stone Wall x7 |
| 17:22 | Survivalist · wall_segment Stone Wall x1 |
| 18:38 | Survivalist · first_market_buy 100 food |
| 19:42 | Survivalist · wall_segment Stone Wall x3 |
| 19:54 | Survivalist · wall_segment Stone Wall x3 |
| 20:13 | Survivalist · wall_segment Palisade Wall x1 |
| 20:34 | RedPhosphoru · wall_segment Stone Wall x3 |
| 21:32 | RedPhosphoru · wall_segment Stone Wall x1 |
| 21:40 | Survivalist · age_up castle |
| 21:41 | Survivalist · first_building Monastery |
| 21:44 | Survivalist · first_building Siege Workshop |
| 22:34 | RedPhosphoru · age_up castle |
| 22:42 | RedPhosphoru · first_building Castle |
| 22:50 | Survivalist · wall_segment Palisade Wall x1 |
| 22:56 | Survivalist · wall_segment Palisade Wall x1 |
| 23:04 | Survivalist · wall_segment Palisade Wall x1 |
| 24:17 | RedPhosphoru · first_market_sell 100 stone |
| 24:34 | RedPhosphoru · first_market_buy 100 wood |
| 27:57 | RedPhosphoru · first_building Siege Workshop |
| 31:04 | Survivalist · first_market_sell 100 stone |
| 33:24 | Survivalist · first_building Castle |
| 33:29 | RedPhosphoru · age_up imperial |
| 37:26 | Survivalist · age_up imperial |
| 39:19 | RedPhosphoru · first_building Stable |
| 45:25 | Survivalist · wall_segment Palisade Wall x1 |
| 45:42 | Survivalist · wall_segment Palisade Wall x1 |
| 45:43 | Survivalist · wall_segment Palisade Wall x1 |
| 45:43 | Survivalist · wall_segment Palisade Wall x1 |
| 45:48 | Survivalist · wall_segment Palisade Wall x1 |
| 51:33 | Survivalist · wall_segment Stone Wall x1 |
| 51:46 | Survivalist · wall_segment Stone Wall x1 |
| 53:39 | Survivalist · wall_segment Stone Wall x8 |
| 54:38 | Survivalist · wall_segment Stone Wall x4 |
| 54:49 | Survivalist · wall_segment Stone Wall x1 |
| 54:49 | Survivalist · wall_segment Stone Wall x1 |
| 55:06 | Survivalist · wall_segment Stone Wall x1 |
| 55:07 | Survivalist · wall_segment Stone Wall x2 |
| 55:16 | Survivalist · wall_segment Stone Wall x1 |
| 55:17 | Survivalist · wall_segment Stone Wall x1 |
| 55:17 | Survivalist · wall_segment Stone Wall x1 |
| 57:06 | Survivalist · wall_segment Stone Wall x1 |
| 57:09 | Survivalist · wall_segment Stone Wall x1 |
| 60:40 | Survivalist · resign |
[ AI ANALYSIS · 1 CREDIT ]
What really happened in this match?
Wolo.gg analyzes every decision: build order, eco, micro, common mistakes by bracket. Personalized analysis on WhatsApp or Discord in 30 seconds.
Civ guide
Spanish
Perfil
Jugador #247224